 Dungeon Crawl Stone Soup version 0.29.1-13-g9f3cf754e1 (webtiles) character file.

Game seed: 6775812224824228714

179 shadowmeld the Magician (level 5, -9/37 HPs)
             Began as a Djinni Fire Elementalist on Feb 4, 2023.
             Mangled by a gnoll sergeant
             ... wielding a +0 spear
              (11 damage)
             ... on level 4 of the Dungeon.
             The game lasted 00:14:54 (4828 turns).

shadowmeld the Magician (Djinni Fire Elementalist)  Turns: 4828, Time: 00:14:55

Health: -9/37      AC:  2    Str:  7    XL:     5   Next: 90%
Gold:   124        EV: 12    Int: 18    God:
                   SH:  0    Dex: 14

rFire   + + .      SeeInvis .   (no weapon)
rCold   x . .      Faith    .   (no shield)
rNeg    . . .      Spirit   .   f - +0 robe of Xom's Esteem {Will++ rCorr}
rPois   ∞          Reflect  .   (no helmet)
rElec   .          Harm     .   (no cloak)
rCorr   +          Rampage  .   (no gloves)
Will    ++...                   (boots unavailable)
Stlth   ++........              (no amulet)
HPRegen 0.12/turn               (no ring)
MPRegen 0.00/turn               (no ring)

@: flying
A: sickness immunity, fire resistance 2, cold vulnerability 1, float, innate
caster, HP casting, extra vitality 1
a: no special abilities


You were on level 4 of the Dungeon.
You visited 1 branch of the dungeon, and saw 4 of its levels.

You collected 124 gold pieces.

Inventory:

Missiles
 d - 5 poisoned darts
 e - 2 curare-tipped darts
Armour
 f - the +0 robe of Xom's Esteem (worn) {Will++ rCorr}
   (You found it on level 4 of the Dungeon)

   rCorr:     It protects you from acid and corrosion.
   Will:      It greatly increases your willpower.
Wands
 j - a wand of mindburst (19)
Scrolls
 c - a scroll of enchant weapon
 h - a scroll of poison
 k - 2 scrolls of magic mapping {unknown}
 l - 3 scrolls of teleportation {unknown}
Potions
 b - 3 potions of degeneration {unknown}
 i - a potion of flight
 m - a potion of magic {unknown}
 n - 2 potions of curing {unknown}
 o - 2 potions of haste {unknown}
 p - a potion of ambrosia {unknown}


   Skills:
 * Level 1.5 Fighting
 * Level 2.7 Dodging
 - Level 1.5 Stealth
 * Level 4.3 Spellcasting


You couldn't memorise any spells.
You knew the following spells:

 Your Spells              Type           Power      Damage    Failure   Level
a - Foxfire               Conj/Fire      76%        2x1d7     2%          1
b - Scorch                Fire           38%        2d7       3%          2
c - Conjure Flame         Conj/Fire      19%        6-21      7%          3
d - Inner Flame           Hex/Fire       19%        N/A       7%          3
e - Flame Wave            Conj/Fire      19%        2d7       24%         4
f - Sting                 Tmut/Pois      76%        1d6       2%          1
g - Blink                 Tloc           38%        N/A       3%          2
Your spell library was empty.

Dungeon Overview and Level Annotations

Branches:
Dungeon (4/15)
 Temple: D:4-7

Altars:
Hepliaklqana
Ru
Xom
Yredelemnul


Innate Abilities, Weirdness & Mutations

You are immune to sickness and miasma.
You are immune to poison.
Your flesh is very heat resistant. (rF++)
You are vulnerable to cold. (rC-)
You float through the air rather than walking.
You learn spells naturally, not from books.
Your magical power is your life essence.
You have superior vitality. (+4 MHP)


Message History

Casting: Foxfire (safe; 2% risk of failure)
Confirm with . or Enter, or press ? or * to list all spells.
You conjure some foxfire!
The foxfire hits the gnoll sergeant but does no damage.
The gnoll sergeant is severely wounded.
Casting: Foxfire (safe; 2% risk of failure)
Confirm with . or Enter, or press ? or * to list all spells.
You conjure some foxfire!
The foxfire hits the gnoll sergeant but does no damage.
The gnoll sergeant is severely wounded.
The foxfire hits the gnoll sergeant but does no damage.
The gnoll sergeant is severely wounded.
The foxfire hits the gnoll sergeant.
The gnoll sergeant is almost dead.
Your magical contamination has completely faded away.
Casting: Foxfire (safe; 2% risk of failure)
Confirm with . or Enter, or press ? or * to list all spells.
You conjure some foxfire!
* * * LOW HITPOINT WARNING * * *
The foxfire hits the gnoll sergeant but does no damage.
The gnoll sergeant is almost dead.
The foxfire hits the gnoll sergeant.
The gnoll sergeant is almost dead.
The gnoll sergeant barely misses you.
Casting: Foxfire (safe; 2% risk of failure)
Confirm with . or Enter, or press ? or * to list all spells.
You miscast Foxfire.
You are very lightly contaminated with residual magic.
Nothing appears to happen.
* * * LOW HITPOINT WARNING * * *
The gnoll sergeant hits you from afar with a +0 spear.
* * * LOW HITPOINT WARNING * * *
The gnoll sergeant closely misses you.
Your magical contamination has completely faded away.
Casting: Foxfire (safe; 2% risk of failure)
Confirm with . or Enter, or press ? or * to list all spells.
The fire begins to smoulder!
* * * LOW HITPOINT WARNING * * *
The gnoll sergeant hits you from afar with a +0 spear!
You die...

######### #.......#
#####
####......g######......
..........gggg.@........
###.....g.######......g
#.......# .......
###g<#### ###......
#)..# #Kg...... #.#.###
#.##g# #. #.#g.<# #..gg#
#.#####.###.####.####...
....<......gg....g......


You could see a gnoll sergeant and 5 gnolls.

Vanquished Creatures
  An orc priest (D:3)
  2 orc wizards (D:3)
  An adder (D:2)
  A white imp (D:3)
  2 worms (D:2)
  3 dart slugs
  3 orcs (D:3)
  9 endoplasms
  2 giant cockroaches
  8 goblins
  6 hobgoblins
  8 kobolds
  A quokka (D:2)
  4 ball pythons (D:1)
  7 bats
  5 frilled lizards
  7 rats
  A spectral hobgoblin (D:3)
71 creatures vanquished.

Vanquished Creatures (collateral kills)
  2 foxfires (D:1)
2 creatures vanquished.

Vanquished Creatures (others)
  86 foxfires
  24 plants (D:1)
110 creatures vanquished.

Grand Total: 183 creatures vanquished

Notes
Turn   | Place    | Note
-------+----------+-------------------------------------------
     0 | D:1      | shadowmeld the Djinni Fire Elementalist began the quest for
                  | the Orb.
     0 | D:1      | shadowmeld set off with the following spells memorised:
                  | Foxfire, Scorch, Conjure Flame, Inner Flame, Flame Wave.
     0 | D:1      | Reached XP level 1. HP: 15/15 MP: 0/0
   735 | D:1      | Reached XP level 2. HP: 18/22 MP: 0/0
  1001 | D:1      | Found a faded altar of an unknown god.
  1478 | D:1      | Reached skill level 3 in Spellcasting
  1537 | D:1      | Reached XP level 3. HP: 23/26 MP: 0/0
  1537 | D:1      | Learned a level 1 spell: Sting
  2150 | D:2      | Found a shimmering altar of Xom.
  2596 | D:2      | Reached skill level 1 in Fighting
  3025 | D:2      | Reached XP level 4. HP: 23/32 MP: 0/0
  3679 | D:3      | Found a sacrificial altar of Ru.
  3691 | D:3      | Reached XP level 5. HP: 14/37 MP: 0/0
  3691 | D:3      | Learned a level 2 spell: Blink
  3902 | D:3      | Reached skill level 4 in Spellcasting
  4490 | D:3      | Found a basalt altar of Yredelemnul.
  4660 | D:3      | Found a hazy altar of Hepliaklqana.
  4772 | D:4      | Identified the +0 robe of Xom's Esteem {Will++ rCorr}
  4828 | D:4      | Mangled by a gnoll sergeant

Illustrated notes

Levels and vault maps discovered:
D:1:      roderic_crop_circles_arrival_small, layout_loops_corners,
          dilly_ecumenical_altar_fadedgnrine, kennysheep_decorative_pillar
D:2:      layout_loops_corners, basic_altar
D:3:      layout_rooms, mainiacjoe_overflow_alcove_2,
          nicolae_ru_great_annihilating_truth,
          nicolae_hepliaklqana_monster_ancestors
D:4:      layout_rooms, kennysheep_mini_moat, zin_treasury, serial_shops, shop,
          interstate_on_off, uniq_menkaure, uniq_grinder, uniq_duvessa

Skill      XL: |  1  2  3  4  5 |
---------------+----------------+-----
Spellcasting   | 3 4 |  4.3
Fighting       | 1 |  1.5
Dodging        | |  2.7
Stealth        | |  1.5

Action                   |  1- 3 |  4- 6 || total
-------------------------+-------+-------++-------
Melee: Unarmed           |    12 |       ||    12
 Cast: Foxfire           |    52 |     8 ||    60
       Scorch            |    23 |    47 ||    70
       Sting             |     2 |       ||     2
       Conjure Flame     |       |     3 ||     3
  Use: Scroll            |       |     5 ||     5
 Stab: Sleeping          |     1 |       ||     1
Armor: Robe              |    10 |     2 ||    12
Dodge: Dodged            |    31 |    14 ||    45
